 Dungeon Crawl Stone Soup version 0.22-a0-429-g97ce8ef (webtiles) character file.

2 Gorice the Grave Robber (level 1, -2/15 HPs)
             Began as a Demonspawn Wanderer on May 25, 2018.
             Slain by a kobold
             ... wielding a +0 club
              (3 damage)
             ... on level 1 of the Dungeon.
             The game lasted 00:00:56 (133 turns).

Gorice the Grave Robber (Demonspawn Wanderer)        Turns: 133, Time: 00:00:58

Health: -2/15      AC:  2    Str:  9    XL:     1   Next: 33%
Magic:  2/2        EV: 11    Int: 12    God:
Gold:   17         SH:  0    Dex: 16    Spells: 2/2 levels left

rFire    . . .     SeeInvis .   b - +0 mace
rCold    . . .     Gourm    .   (no shield)
rNeg     . . .     Faith    .   d - +0 robe
rPois    .         Spirit   .   (no helmet)
rElec    .         Reflect  .   (no cloak)
rCorr    .         Harm     .   (no gloves)
MR       .....                  (no boots)
Stlth    +.........             (no amulet)
HPRegen  0.05/turn              (no ring)
MPRegen  0.08/turn              (no ring)

@: no status effects
A: no striking features
a: no special abilities


You were on level 1 of the Dungeon.
You were not hungry.

You visited 1 branch of the dungeon, and saw 1 of its levels.

You collected 17 gold pieces.

Inventory:

Hand Weapons
 b - a +0 mace (weapon)
Missiles
 a - 2 needles of sleeping
 Y - 20 stones (quivered)
Armour
 d - a +0 robe (worn)
Scrolls
 e - a scroll of teleportation {unknown}
Potions
 c - a potion of lignification {!q}
Comestibles
 f - a ration


   Skills:
 - Level 1.0 Fighting
 * Level 0.6 Maces & Flails
   Level 1.0 Crossbows
 - Level 1.0 Throwing
 - Level 1.0 Armour
 - Level 1.0 Spellcasting
   Level 2.1 Necromancy
   Level 2.0 Poison Magic
   Level 1.0 Evocations


You had 2 spell levels left.
You didn't know any spells.
Your spell library contained the following spells:

 Spells                   Type           Power        Failure   Level  Hunger
 Mephitic Cloud           Conj/Pois/Air  #.......     56%         3    ####...
 Venom Bolt               Conj/Pois      #.........   99%         5    ######.
 Olgreb's Toxic Radiance  Pois           #.......     78%         4    #####..
 Sting                    Conj/Pois      #...         21%         1    ##.....
 Poisonous Vapours        Pois/Air       #.....       30%         2    ###....


Dungeon Overview and Level Annotations

Branches:
Dungeon (1/15)

Altars:


Message History

You see here a dagger.
You see here 2 needles of sleeping.
You see here 2 needles of sleeping.
a - 2 needles of sleeping You open the door.
There is an open door here.
There is an open door here.
You see here a dagger.
You now have 7 gold pieces.
You now have 17 gold pieces (gained 10).
Found 20 stones.
A hobgoblin comes into view. It is wielding a club.
Found a scroll labeled DEMPYN QEUM.
You barely miss the hobgoblin.
The hobgoblin hits you but does no damage.
You barely miss the hobgoblin. The hobgoblin barely misses you.
The hobgoblin hits you with a club.
* * * LOW HITPOINT WARNING * * *
Damage: 4 (max 4)
You are too injured to fight recklessly!
You are too injured to fight recklessly!
You are too injured to fight recklessly!
You are too injured to fight recklessly!
You are too injured to fight recklessly!
You barely miss the hobgoblin. The hobgoblin misses you.
You hit the hobgoblin.
The hobgoblin is moderately wounded.
The hobgoblin barely misses you.
You hit the hobgoblin.
You kill the hobgoblin!
You see here a club.
e - a scroll labeled DEMPYN QEUM You see here 20 stones.
Y - 20 stones (quivered)
A kobold comes into view. It is wielding a club.
A hobgoblin comes into view. It is wielding a club.
The hobgoblin shouts!
Found a stone staircase leading down.
The kobold closely misses you. The hobgoblin misses you.
You hit the hobgoblin.
The hobgoblin is severely wounded.
The kobold closely misses you. The hobgoblin closely misses you.
You closely miss the hobgoblin.
The hobgoblin is severely wounded.
The kobold hits you with a club.
* * * LOW HITPOINT WARNING * * *
The hobgoblin hits you with a club.
* * * LOW HITPOINT WARNING * * *
The kobold hits you with a club.
You die...

#.#........#.#
#.#.###..###.###
#........#.. ... #
####.###..#.#.#.# ##.
..##.# #..#.#.#.#
##..##.##.# #......#.#
.#8..8#.##.####...###.#
...>..g.##.........##.##
......K@................
##8..8#########....##.##
##.. #....##)## ##
#.#####..# #.#...#..#
#.#...#..# ..#.<.'..' .
#...#..# #...####


You could see a hobgoblin and a kobold.

Vanquished Creatures
  A hobgoblin (D:1)
  A kobold (D:1)
2 creatures vanquished.

Notes
Turn   | Place    | Note
-------+----------+-------------------------------------------
     0 | D:1      | Gorice the Demonspawn Wanderer began the quest for the Orb.
     0 | D:1      | Gorice set off with: a +0 mace, a potion of lignification {!q}, a +0 robe, a ration
     0 | D:1      | Reached XP level 1. HP: 15/15 MP: 2/2
   133 | D:1      | HP: 1/15 [hobgoblin/club (5)]
   133 | D:1      | Slain by a kobold

Vault maps used:
D:1:      dpeg_arrival_houses_and_road, st_stairs_6, minmay_ruptured

Action                   || total
-------------------------++-------
Melee: Mace              ||    13
Armor: Robe              ||     4
Dodge: Dodged            ||     8

Table legend:
 A = Spawn XP
 B = Non-spawn XP
 C = Spawn XP percentage of total XP
 D = Spawn monster count
 E = Non-spawn monster count
 F = Spawn count percentage of total count
 G = Total turns spent on level
                    A         B        C        D         E        F      G
               +---------+---------+-------+---------+---------+-------+---------
         Total |       0 |       4 |   0.0 |       0 |       2 |   0.0 |   133
               +---------+---------+-------+---------+---------+-------+---------
           D:1 |       0 |       4 |   0.0 |       0 |       2 |   0.0 |   133
               +---------+---------+-------+---------+---------+-------+---------

Table legend:
 A = Turns spent in this place as a percentage of turns spent in the entire game.
 B = Non-inter-level travel turns spent in this place as a percentage of non-inter-level travel turns spent in the entire game.
 C = Inter-level travel turns spent in this place as a percentage of turns spent in this place.
 D = Turns resting spent in this place as a percentage of non-inter-level travel turns spent in this place.
 E = Turns spent auto-exploring this place as a percentage of non-inter-level travel turns spent in this place.
 F = Non-inter-level travel turns spent in this place divided by the number of levels of this place that you've seen.
                   A       B       C       D       E      F
               +-------+-------+-------+-------+-------+----------------------
         Total | 100.0 | 100.0 |   0.0 |   0.0 |  61.7 | 133.0
       Dungeon | 100.0 | 100.0 |   0.0 |   0.0 |  61.7 | 133.0
               +-------+-------+-------+-------+-------+----------------------

Vault maps used:
D:1:      dpeg_arrival_houses_and_road, st_stairs_6, minmay_ruptured
